 Dungeon Sprint DCSS version 0.31-a0-920-g28cbb04a8c (webtiles) character file.

Game seed: 2108139801291719700

5978 sircluck the Grappler (level 10, -7/118 HPs)
             Began as a Troll Berserker on Oct 17, 2023.
             Was a High Priest of Trog.
             Mangled by Donald
             ... wielding a +0 scimitar
              (28 damage)
             ... in the Dungeon (Sprint VII: "The Pits").
             The game lasted 00:03:18 (1007 turns).

sircluck the Grappler (Troll Berserker)             Turns: 1007, Time: 00:03:18

Health: -7/118     AC: 10    Str: 31    XL:     10   Next: 55%
Magic:  9/9        EV: 13    Int:  6    God:    Trog [*****.]
Gold:   0          SH:  0    Dex:  9    Spells: 9/9 levels left

rFire   . .          .
                       - Unarmed
rCold   . . .        (no shield)
rNeg    . . .        a - +0 animal skin
rPois   .            (helmet restricted)
rElec   .            k - +2 cloak
rCorr   .            (gloves unavailable)
SInv    .            (boots unavailable)
Will    .....        (no amulet)
Stlth   +            m - +3 ring of intelligence
HPRegen 1.19/turn    l - +3 ring of protection
MPRegen 0.11/turn

%: no teleportation
@: no status effects
A: large, unfitting armour, claws 3, regeneration 1, shaggy fur 1, tough skin 1
a: Renounce Religion, Berserk, Trog's Hand, Brothers in Arms


You were in the Dungeon.
You worshipped Trog.
Trog was extremely pleased with you.
You visited 1 branch

Inventory:

Armour
 a - a +0 animal skin (worn)
 k - a +2 cloak (worn)
Jewellery
 l - a +3 ring of protection (right claw)
 m - a +3 ring of intelligence (left claw)
Scrolls
 g - a scroll of blinking
 i - 2 scrolls of vulnerability
 j - a scroll of summoning
Potions
 b - 6 potions of curing
 c - 9 potions of heal wounds
 d - 3 potions of haste
 e - 4 potions of magic
 f - 3 potions of berserk rage
 h - 2 potions of invisibility
 n - a potion of mutation
 o - a potion of resistance
 p - a potion of might


   Skills:
 + Level 12.9 Fighting
 + Level 12.7 Dodging
 + Level 14.9 Unarmed Combat


You had 9 spell levels left.
You didn't know any spells.
Your spell library was empty.

Dungeon Overview and Level Annotations

Branches:
Dungeon (1/1)

Altars:
Ashenzari
Cheibriados
Dithmenos
Elyvilon
Fedhas
Gozag
Hepliaklqana
Kikubaaqudgha
Makhleb
Nemelex Xobeh
Okawaru
Qazlal
Ru
Sif Muna
Trog
Uskayaw
Vehumet
Wu Jian
Xom
Yredelemnul
Zin
The Shining One
Jiyva
Lugonu

Annotations:
D Donald


Innate Abilities, Weirdness & Mutations

You are too large for most types of armour.
You have claws for hands.
Your natural rate of healing is unusually fast.
You are covered in fur. (AC +1)
You have tough skin. (AC +1)


Message History

Donald is moderately wounded.
Donald casts a spell.
Donald seems to speed up.
Donald blocks your attack.
Donald is moderately wounded.
Donald hits you with a +0 scimitar!
The orc sorcerer gestures at you while chanting.
The bolt of negative energy misses you.
You are too injured to fight recklessly!
You are too injured to fight recklessly!
You are too injured to fight recklessly!
You are too injured to fight recklessly!
You are too injured to fight recklessly!
You are too injured to fight recklessly!
You are too injured to fight recklessly!
You are too injured to fight recklessly!
Unknown command.
Donald blocks your attack.
Donald is moderately wounded.
Donald barely misses you.
The orc sorcerer hits you with a +0 dagger.
You mangle Donald!!
Donald is heavily wounded.
Donald hits you with a +0 scimitar!
You scratch Donald.
Donald is severely wounded.
Donald misses you.
The orc sorcerer howls an incantation.
The orc sorcerer's hands start to glow.
The orc sorcerer hits you but does no damage.
Donald says, "So, are you allowed to read books?"
Donald hits you with a +0 scimitar!!
* * * LOW HITPOINT WARNING * * *
Unknown command.
Unknown command.
You barely miss the orc sorcerer.
The orc sorcerer points at you and mumbles some strange words.
The bolt of fire misses you. Donald hits you with a +0 scimitar!!
You die...
Donald says, "Well, maybe you weren't so bad after all."

..# ..# ######## ..#
...##..# ..#
...##..# ..#
...''..# ..#
...'').##########@.#
...##...........@o.#
...##..............#
####################
# ### ##..+ #...#
...# ..# .#


You could see Donald (fast, strong, reflecting) and an orc sorcerer.

Vanquished Creatures
  A hydra (D)
  A two-headed ogre (D)
  A deep troll (D)
  A lindwurm (D)
  A molten gargoyle (D)
  A cane toad (D)
  A komodo dragon (D)
  An efreet (D)
  A jumping spider (D)
  A fire bat (D)
  A redback (D)
  A floating eye (D)
  An ogre (D)
  A centaur (D)
  A kobold brigand (D)
  A scorpion (D)
  Crazy Yiuf (D)
  An orc wizard (D)
  2 ufetubi (D)
  2 orcs (D)
  2 bats (D)
  2 endoplasms (D)
  A hobgoblin (D)
  3 jackals (D)
  A quokka (D)
  A ball python zombie (D)
  A frilled lizard (D)
  A kobold (D)
  A rat (D)
35 creatures vanquished.

Vanquished Creatures (collateral kills)
  A deep elf pyromancer (D)
  An orc knight (D)
  6 dream sheep (D)
  A kobold brigand (D)
  2 orcs (D)
11 creatures vanquished.

Grand Total: 46 creatures vanquished

Notes
Turn   | Place    | Note
-------+----------+-------------------------------------------
     0 | D        | sircluck the Troll Berserker began the quest for the Orb.
     0 | D        | Reached XP level 1. HP: 22/22 MP: 0/0
    34 | D        | Found a bloodstained altar of Trog.
    34 | D        | Found a shimmering blue altar of Sif Muna.
    34 | D        | Found a viscous altar of Jiyva.
    34 | D        | Found a hazy altar of Hepliaklqana.
    34 | D        | Found an opulent altar of Gozag.
    35 | D        | Found a glowing golden altar of the Shining One.
    35 | D        | Found a glowing silver altar of Zin.
    35 | D        | Found a basalt altar of Yredelemnul.
    35 | D        | Found a shimmering altar of Xom.
    35 | D        | Found an ornate altar of the Wu Jian Council.
    35 | D        | Found a sacrificial altar of Ru.
    35 | D        | Found a stormy altar of Qazlal.
    35 | D        | Found an iron altar of Okawaru.
    35 | D        | Found a sparkling altar of Nemelex Xobeh.
    35 | D        | Found a burning altar of Makhleb.
    35 | D        | Found a blossoming altar of Fedhas.
    35 | D        | Found a white marble altar of Elyvilon.
    35 | D        | Found a shadowy altar of Dithmenos.
    35 | D        | Found a snail-covered altar of Cheibriados.
    38 | D        | Found a corrupted altar of Lugonu.
    38 | D        | Found a radiant altar of Vehumet.
    39 | D        | Found an ancient bone altar of Kikubaaqudgha.
    39 | D        | Found a hide-covered altar of Uskayaw.
    39 | D        | Found a broken altar of Ashenzari.
    74 | D        | Noticed a floating eye
    75 | D        | Killed a floating eye
    76 | D        | Reached skill level 5 in Fighting
    76 | D        | Reached skill level 6 in Unarmed Combat
    76 | D        | Reached XP level 2. HP: 35/35 MP: 1/1
    76 | D        | Reached XP level 3. HP: 42/42 MP: 2/2
    76 | D        | Reached XP level 4. HP: 50/50 MP: 3/3
    76 | D        | Reached ** piety under Trog
    89 | D        | Reached skill level 5 in Dodging
   100 | D        | Reached *** piety under Trog
   111 | D        | Reached **** piety under Trog
   157 | D        | Noticed a scorpion
   174 | D        | Killed a scorpion
   175 | D        | Reached XP level 5. HP: 59/59 MP: 4/4
   183 | D        | Noticed Crazy Yiuf
   203 | D        | Killed Crazy Yiuf
   204 | D        | Reached skill level 7 in Unarmed Combat
   211 | D        | Reached ***** piety under Trog
   233 | D        | Reached XP level 6. HP: 63/68 MP: 5/5
   253 | D        | Noticed a molten gargoyle
   257 | D        | Killed a molten gargoyle
   258 | D        | Reached skill level 9 in Unarmed Combat
   258 | D        | Reached XP level 7. HP: 58/80 MP: 6/6
   269 | D        | Received a gift from Trog
   303 | D        | Noticed an efreet
   303 | D        | Noticed a jumping spider
   310 | D        | Noticed a fire bat
   311 | D        | Killed an efreet
   312 | D        | Reached skill level 10 in Unarmed Combat
   313 | D        | Killed a jumping spider
   316 | D        | Killed a fire bat
   317 | D        | Reached XP level 8. HP: 83/92 MP: 7/7
   440 | D        | Noticed a dream sheep
   440 | D        | Noticed a dream sheep
   440 | D        | Noticed a dream sheep
   440 | D        | Noticed a dream sheep
   440 | D        | Noticed a dream sheep
   440 | D        | Noticed a deep elf pyromancer
   440 | D        | Noticed a dream sheep
   445 | D        | Killed a dream sheep
   446 | D        | Reached skill level 11 in Unarmed Combat
   446 | D        | Killed a dream sheep
   448 | D        | Killed a dream sheep
   449 | D        | Reached skill level 10 in Fighting
   449 | D        | Killed a dream sheep
   449 | D        | Killed a dream sheep
   450 | D        | Reached skill level 10 in Dodging
   450 | D        | Reached skill level 12 in Unarmed Combat
   450 | D        | Reached XP level 9. HP: 82/102 MP: 8/8
   455 | D        | Killed a deep elf pyromancer
   654 | D        | Noticed a komodo dragon
   666 | D        | Killed a komodo dragon
   667 | D        | Reached skill level 13 in Unarmed Combat
   703 | D        | Noticed a two-headed ogre
   722 | D        | Killed a two-headed ogre
   722 | D        | Received a gift from Trog
   794 | D        | Noticed a lindwurm
   794 | D        | Noticed a deep troll
   799 | D        | Killed a lindwurm
   800 | D        | Reached XP level 10. HP: 114/115 MP: 9/9
   802 | D        | Killed a deep troll
   803 | D        | Reached skill level 14 in Unarmed Combat
   850 | D        | Noticed an orc knight
   850 | D        | Noticed a six-headed hydra
   882 | D        | Killed an orc knight
   885 | D        | Killed a nine-headed hydra
   885 | D        | Received a gift from Trog
   995 | D        | Noticed an orc sorcerer
   995 | D        | Noticed Donald
   995 | D        | Noticed a cane toad
   999 | D        | Killed a cane toad
  1007 | D        | Mangled by Donald

Illustrated notes

Levels and vault maps discovered:
D:        pitsprint [storerooms_1, entrance_room_1, metal_vault_7, armoury_2,
          mini_pit_1, grid_room_1, main_hall_1, silver_pit, the_coven_2,
          the_vestibule_1, steel_vault_5, golden_pit, hallway_of_sentries,
          crystal_vault_3, iron_vault_1, final_vault]

Skill      XL: |  1  2  3  4  5  6  7  8  9 10 |
---------------+-------------------------------+-----
Fighting       | 5 6 8 9 10 12 | 12.9
Dodging        | 4 5 6 7 9 10 11 12 | 12.7
Unarmed Combat | 6 7 9 10 12 13 14 | 14.9

Action                     |  1- 3 |  4- 6 |  7- 9 | 10-12 || total
---------------------------+-------+-------+-------+-------++-------
  Melee: Unarmed           |     6 |    49 |    51 |    18 ||   124
         Punch             |       |     1 |     3 |     1 ||     5
 Invoke: Berserk           |       |       |     3 |     1 ||     4
         Brothers in Arms  |       |       |     2 |     2 ||     4
    Use: Potion            |       |       |     2 |       ||     2
   Stab: Sleeping          |       |     1 |       |       ||     1
 Armour: Animal skin       |     9 |    36 |    43 |    20 ||   108
  Dodge: Dodged            |     5 |    34 |    12 |    12 ||    63

Table legend: (Time is in decaauts)
 A = Elapsed time spent in this place.
 B = Non-inter-level travel time spent in this place.
 C = Inter-level travel time spent in this place.
 D = Time resting spent in this place.
 E = Time spent auto-exploring this place.
 F = Levels seen in this place.
 G = Mean time per level.
                   A        B        C        D        E       F      G
               +--------+--------+--------+--------+--------+-----+--------+
         Total |   1014 |   1014 |      0 |    443 |    182 |   1 | 1014.0 |
       Dungeon |   1014 |   1014 |      0 |    443 |    182 |   1 | 1014.0 |
               +--------+--------+--------+--------+--------+-----+--------+

Top non-repeatable levels by time:
       D: 1014 daAuts
